 Dungeon Crawl Stone Soup version 0.16.1-30-g34a7ffa (webtiles) character file.

1333 thet the Fighter (level 8, -1/68 HPs)
             Began as a Demonspawn Gladiator on June 13, 2015.
             Was a Follower of Yredelemnul.
             Slain by Menkaure (17 damage)
             ... on level 6 of the Dungeon.
             The game lasted 00:23:31 (6891 turns).

thet the Fighter (Demonspawn Gladiator)             Turns: 6891, Time: 00:23:31

Health: -1/68      AC: 17    Str: 15    XL:     8   Next: 34%
Magic:  8/8        EV:  4    Int: 10    God:    Yredelemnul [*.....]
Gold:   313        SH:  3    Dex: 16    Spells: 0 memorised, 7 levels left

rFire  . . .     SeeInvis +     a - +1 war axe
rCold  + . .     Clarity  .     A - +0 plate armour (curse)
rNeg   + . .     SustAb   .     F - +0 buckler
rPois  .         Gourm    .     c - +0 helmet
rElec  .         Spirit   .     v - +0 cloak
rCorr  +         Warding  .     n - +1 pair of gloves
rMut   .         Stasis   .     (no boots)
MR     .....                    u - amulet of resist corrosion
Stlth  ..........               M - ring of protection from cold
                                C - ring of Shadows {Umbra +Inv rN+ SInv}

@: wreathed by umbra, not resistant to hostile enchantments, extremely
unstealthy
A: talons 1, thin metallic scales 2, nightstalker 1, rot immunity
a: Animate Remains, Renounce Religion, Evoke Invisibility


You were on level 6 of the Dungeon.
You worshipped Yredelemnul.
Yredelemnul was aware of your devotion.
You were not hungry.

You visited 2 branches of the dungeon, and saw 7 of its levels.

You collected 313 gold pieces.

Inventory:

Hand weapons
 a - a +1 war axe (weapon)
Missiles
 d - 3 throwing nets (quivered)
Armour
 c - a +0 helmet (worn)
 n - a +1 pair of gloves (worn)
 v - a +0 cloak (worn)
 A - a cursed +0 plate armour (worn)
 F - a +0 buckler (worn)
Jewellery
 u - an amulet of resist corrosion (around neck)
 C - the ring of Shadows (left hand) {Umbra +Inv rN+ SInv}
   (You found it on level 4 of the Dungeon)

   [ring of invisibility]

   It protects you from negative energy.
   It enhances your eyesight.
   It lets you turn invisible.
 M - a ring of protection from cold (right hand)
Magical devices
 b - a wand of magic darts (14)
 t - a wand of magic darts (27)
 w - a wand of draining (10)
 G - a wand of frost (36)
 J - a wand of draining (4)
Scrolls
 e - 4 scrolls of identify
 g - 2 scrolls of remove curse
 k - a scroll of enchant weapon
 p - a scroll of magic mapping
 D - 2 scrolls of teleportation
Potions
 h - a potion of restore abilities
 i - 2 potions of brilliance
 j - a potion of magic {unknown}
 l - 2 potions of agility {unknown}
 m - 3 potions of curing {unknown}
 o - a potion of might {unknown}
 q - 3 potions of haste {unknown}
 r - 2 potions of lignification {unknown}
 s - a potion of heal wounds {unknown}
 x - a potion of mutation {unknown}
Comestibles
 f - 3 bread rations
 z - a royal jelly
 B - 3 chunks of flesh
 E - 2 meat rations
 K - a slice of pizza


   Skills:
 - Level 8.0 Fighting
 + Level 6.4 Axes
 - Level 2.0 Throwing
 - Level 0.1 Armour
 - Level 3.1 Dodging


You had 7 spell levels left.
You didn't know any spells.

Dungeon Overview and Level Annotations

Branches:
Dungeon (6/15)             Temple (1/1) D:4

Altars:
Ashenzari
Cheibriados
Gozag
Makhleb
Okawaru
Qazlal
Ru
Sif Muna
Trog
Vehumet
Yredelemnul
Zin
The Shining One

Shops:
D:4 *

Annotations:
D:5 Dowan
D:6 Menkaure


Innate Abilities, Weirdness & Mutations

You have sharp toenails.
You are mostly covered in thin metallic scales (AC +3).
You are slightly more attuned to the shadows.
You are immune to rotting.


Message History

Yredelemnul accepts your kill.
Menkaure mumbles some strange words.
Menkaure seems to speed up.
You closely miss Menkaure. You claw Menkaure, but do no damage.
Menkaure is severely damaged.
Menkaure completely misses you. Menkaure hits you.
You hit Menkaure.
Menkaure is almost destroyed.
Menkaure hits you but does no damage.
You closely miss Menkaure.
Menkaure is almost destroyed.
You block Menkaure's attack.
The crimson imp disappears for a moment.
Menkaure hits you!
* * * LOW HITPOINT WARNING * * *
You closely miss Menkaure. You claw Menkaure, but do no damage.
Menkaure is almost destroyed.
The crimson imp blinks!
Menkaure hits you!
You die...
Your body rises from the dead as a mindless zombie.

)............ ....
#######...... ...#..
#...... .......#
#...... ..§....#
#...... ..).....#
....... ........## #
..)###. ......M>..##
#....... #.
#..†@...###..#
#######..##..##
#.......###
####...).......
#............#
##.###........#
####..##.........#
###........##........#
###......#######...###.


You could see Menkaure.

Vanquished Creatures
  2 sky beasts
  A phantom (D:5)
  The ghost of Ququman the Cutter, an average HESk (D:3)
  An ogre (D:4)
  Sigmund (D:2)
  Duvessa (D:5)
  A giant frog (D:6)
  A scorpion (D:3)
  A crimson imp (D:5)
  A goliath beetle (D:5)
  3 hounds
  Crazy Yiuf (D:2)
  A jelly (D:5)
  An orc wizard (D:4)
  4 worker ants
  Ijyb (D:2)
  A hound skeleton (D:5)
  Terence (D:1)
  13 adders
  A giant mite (D:4)
  4 worms
  An adder skeleton (D:5)
  4 giant geckos
  3 oozes
  6 orcs
  2 ball pythons
  9 bats
  10 goblins
  15 hobgoblins
  8 jackals
  4 quokkas
  5 giant cockroaches
  A giant gecko skeleton (D:5)
  4 giant newts
  16 kobolds
  10 rats
140 creatures vanquished.

Notes
Turn   | Place    | Note
--------------------------------------------------------------
     0 | D:1      | thet, the Demonspawn Gladiator, began the quest for the Orb.
     0 | D:1      | Reached XP level 1. HP: 16/16 MP: 1/1
    60 | D:1      | Gained mutation: You have sharp toenails. [demonic ancestry]
    60 | D:1      | Reached XP level 2. HP: 12/22 MP: 2/2
   240 | D:1      | Reached skill level 3 in Dodging
   603 | D:2      | Noticed Terence
   706 | D:2      | Gained mutation: You are slightly more attuned to the shadows. [demonic ancestry]
   706 | D:2      | Reached XP level 3. HP: 28/28 MP: 3/3
   863 | D:2      | Found a deep blue altar of Sif Muna.
  1116 | D:2      | Reached XP level 4. HP: 30/35 MP: 4/4
  1481 | D:1      | Killed Terence
  1783 | D:2      | Reached skill level 4 in Fighting
  1801 | D:2      | Found an opulent altar of Gozag.
  1802 | D:2      | Noticed Ijyb
  1811 | D:2      | Killed Ijyb
  1897 | D:2      | Gained mutation: You are partially covered in thin metallic scales (AC +2). [demonic ancestry]
  1897 | D:2      | Reached XP level 5. HP: 32/43 MP: 5/5
  1932 | D:2      | Noticed Sigmund
  1954 | D:2      | HP: 1/43 [something (7)]
  1955 | D:2      | Killed Sigmund
  1955 | D:2      | Reached skill level 5 in Fighting
  2548 | D:2      | Noticed Crazy Yiuf
  2556 | D:2      | Killed Crazy Yiuf
  2814 | D:3      | You fall through a shaft!
  2814 | D:4      | Found Waobbare's Assorted Antiques.
  2864 | D:3      | Noticed Ququman's ghost (average HESk)
  2876 | D:3      | Killed Ququman's ghost
  2876 | D:3      | Reached skill level 6 in Fighting
  2876 | D:3      | Reached XP level 6. HP: 30/52 MP: 6/6
  3085 | D:3      | Found an iron altar of Okawaru.
  3114 | D:3      | Noticed a sky beast
  3124 | D:3      | Killed a sky beast
  3298 | D:3      | Gained mutation: Your spells are a little harder to cast, but a little more powerful. [mutagenic meat]
  3467 | D:4      | Found a glowing golden altar of the Shining One.
  3603 | D:3      | Reached skill level 7 in Fighting
  3788 | D:4      | Gained mutation: You are mostly covered in thin metallic scales (AC +3). [demonic ancestry]
  3788 | D:4      | Reached XP level 7. HP: 50/60 MP: 7/7
  3833 | D:4      | Noticed an ogre
  3840 | D:4      | Killed an ogre
  4065 | D:4      | Found a staircase to the Ecumenical Temple.
  4085 | Temple   | Entered the Ecumenical Temple
  4319 | D:4      | Found a bloodstained altar of Trog.
  4338 | D:4      | Found a basalt altar of Yredelemnul.
  4368 | D:4      | Became a worshipper of Yredelemnul the Dark
  4473 | D:4      | Reached skill level 8 in Fighting
  5162 | D:5      | Entered Level 5 of the Dungeon
  5323 | D:4      | Gained mutation: You have a pair of small horns on your head. [mutagenic meat]
  5383 | D:5      | Found a burning altar of Makhleb.
  5731 | D:5      | Reached skill level 5 in Axes
  5731 | D:5      | Gained mutation: You are immune to rotting. [demonic ancestry]
  5731 | D:5      | Reached XP level 8. HP: 64/68 MP: 8/8
  5936 | D:5      | Acquired Yredelemnul's first power
  6152 | D:5      | Lost mutation: Your spells are a little harder to cast, but a little more powerful. [potion of cure mutation]
  6152 | D:5      | Lost mutation: You have a pair of small horns on your head. [potion of cure mutation]
  6312 | D:5      | Noticed Dowan
  6313 | D:5      | Noticed Duvessa
  6339 | D:5      | Killed Duvessa
  6807 | D:6      | Found a snail-covered altar of Cheibriados.
  6880 | D:6      | Noticed Menkaure
  6891 | D:6      | Slain by Menkaure

Action                   |  1- 3 |  4- 6 |  7- 9 || total
-------------------------+-------+-------+-------++-------
Melee: War axe           |   113 |   237 |   368 ||   718
  Use: Potion            |       |     1 |     2 ||     3
       Scroll            |       |       |    12 ||    12
 Stab: Sleeping          |     2 |     1 |       ||     3
  Eat: Chunk             |     1 |     8 |    11 ||    20
       Beef jerky        |       |     1 |       ||     1
       Pizza             |       |       |     1 ||     1
